 Dungeon Crawl Stone Soup version 0.16.1-2-g95b8d4c (console) character file.

105 gw the Magician (level 4, 0/25 HPs)
             Began as a Deep Elf Air Elementalist on Mar 25, 2015.
             Slain by a gnoll
             ... wielding a +2 dagger of chaos
              (1 damage)
             ... on level 3 of the Dungeon.
             The game lasted 00:02:10 (2535 turns).

gw the Magician (Deep Elf Air Elementalist)         Turns: 2535, Time: 00:02:10

Health: 0/25       AC:  3    Str:  5    XL:     4   Next: 53%
Magic:  15/15      EV: 13    Int: 21    God:
Gold:   128        SH:  0    Dex: 15    Spells: 5 memorised, 0 levels left

rFire  . . .     SeeInvis .     a - +2 short sword (elec)
rCold  . . .     Clarity  .     e - +0 robe
rNeg   . . .     SustAb   .     (no shield)
rPois  .         Gourm    .     (no helmet)
rElec  .         Spirit   .     o - +0 cloak
rCorr  .         Warding  .     (no gloves)
rMut   .         Stasis   .     (no boots)
MR     .....                    (no amulet)
Stlth  ++........               (no ring)
                                (no ring)

@: repel missiles, not resistant to hostile enchantments, unstealthy
A: no striking features
a: no special abilities


You were on level 3 of the Dungeon.
You were not hungry.

You visited 1 branch of the dungeon, and saw 3 of its levels.

You collected 128 gold pieces.

Inventory:

Hand weapons
 a - a +2 short sword of electrocution (weapon)
Missiles
 c - 11 poisoned arrows
Armour
 e - a +0 robe (worn)
 o - a +0 cloak (worn)
Scrolls
 d - a scroll of blinking
 h - a scroll of enchant armour {unknown}
 k - a scroll of recharging
 l - 4 scrolls of identify {unknown}
 n - a scroll of enchant weapon {unknown}
 p - a scroll of fog {unknown}
Potions
 f - a potion of cancellation
 j - a potion of invisibility {unknown}
 q - a potion of berserk rage {unknown}
Books
 b - a book of Air

   Spells                             Type                      Level
   a - Shock                          Conjuration/Air              1
   b - Swiftness                      Charms/Air                   2
   c - Repel Missiles                 Charms/Air                   2
   d - Flight                         Charms/Air                   3
   e - Static Discharge               Conjuration/Air              3
   f - Lightning Bolt                 Conjuration/Air              5
Comestibles
 g - 2 bread rations
 i - a royal jelly
 m - a meat ration


   Skills:
 + Level 1.1 Fighting
 + Level 1.4 Armour
 - Level 2.4 Dodging
 - Level 2.4 Stealth
 + Level 4.2 Spellcasting
 - Level 1.1 Conjurations
 * Level 3.9 Air Magic


You couldn't memorise any spells.
You knew the following spells:

 Your Spells              Type           Power        Failure   Level  Hunger
a - Shock                 Conj/Air       ###.         4%          1    None
b - Swiftness             Chrm/Air       ##......     10%         2    #......
c - Repel Missiles        Chrm/Air       ##....       10%         2    #......
d - Flight                Chrm/Air       ##........   17%         3    ###....
e - Static Discharge      Conj/Air       ###.....     14%         3    ###....


Dungeon Overview and Level Annotations

Branches:
Dungeon (3/15)

Altars:
Cheibriados
Xom


Message History

Unknown command.
Unknown command.
Unknown command.
You start resting.
The gnoll splashes around in the water.
The gnoll hits you but does no damage.
You suddenly lose the ability to move!
The gnoll splashes around in the water.
The gnoll hits you with a dagger of chaos.
You shrug off the repeated paralysis!
The gnoll hits you with a dagger of chaos.
The gnoll burns you.
The gnoll splashes around in the water.
The gnoll barely misses you.
The gnoll hits you with a dagger of chaos.
You can move again.
Unknown command.
Unknown command.
Unknown command.
You start resting.
The gnoll hits you with a dagger of chaos.
You die...

........#.#..# #..........# #.#
#########.######.######...###.###
###.~.^~~.}..####........
##~##.)...~(##.######.###
##..#~.#)~~#.##.~ #.#
#.~#.#...#.~~###. ####.#
#.##~..}.......~. #....#
##.#..##.##g..#..#######
#~.}..}.eg#~#~# #...~##~~..#.~.~#
##~#~^.(_#~..###
#####.~}#..#.#..###
#...#############.##
#.##..##...##.##...##
#.##...#............#
#.###..#...##.......#######
#.###..#...#####..........#


You could see 2 gnolls.

Table legend:
 A = Turns spent in this place as a percentage of turns spent in the entire game.
 B = Non-inter-level travel turns spent in this place as a percentage of non-inter-level travel turns spent in the entire game.
 C = Inter-level travel turns spent in this place as a percentage of turns spent in this place.
 D = Turns resting spent in this place as a percentage of non-inter-level travel turns spent in this place.
 E = Turns spent auto-exploring this place as a percentage of non-inter-level travel turns spent in this place.
 F = Non-inter-level travel turns spent in this place divided by the number of levels of this place that you've seen.
                   A       B       C       D       E      F
               +-------+-------+-------+-------+-------+----------------------
         Total | 100.0 | 100.0 |   0.1 |   3.3 |   3.3 | 965.3
       Dungeon | 100.0 | 100.0 |   0.1 |   3.3 |   3.3 | 965.3
               +-------+-------+-------+-------+-------+----------------------

Table legend:
 A = Kills in this place as a percentage of kills in entire the game.
 B = Kills by you in this place as a percentage of kills by you in the entire game.
 C = Kills by friends in this place as a percentage of kills by friends in the entire game.
 D = Other kills in this place as a percentage of other kills in the entire game.
 E = Experience gained in this place as a percentage of experience gained in the entire game.
 F = Experience gained in this place divided by the number of levels of this place that you have seen.
                   A       B       C       D       E      F
               +-------+-------+-------+-------+-------+----------------------
         Total | 100.0 | 100.0 |  -nan |  -nan | 100.0 |  50.0
       Dungeon | 100.0 | 100.0 |  -nan |  -nan | 100.0 |  50.0
               +-------+-------+-------+-------+-------+----------------------

Vanquished Creatures
  3 adders
  3 gnolls (D:3)
  2 worms
  A giant gecko (D:1)
  2 ball pythons
  8 bats
  A giant cockroach (D:2)
  3 hobgoblins
  2 jackals (D:3)
  6 goblins
  6 kobolds
  5 rats
42 creatures vanquished.

Notes
Turn   | Place    | Note
--------------------------------------------------------------
     0 | D:1      | gw, the Deep Elf Air Elementalist, began the quest for the Orb.
     0 | D:1      | Reached XP level 1. HP: 10/10 MP: 5/5
   372 | D:1      | Reached XP level 2. HP: 15/15 MP: 1/8
   436 | D:1      | Learned a level 2 spell: Swiftness
   439 | D:1      | Learned a level 2 spell: Repel Missiles
   827 | D:2      | Found a snail-covered altar of Cheibriados.
  1006 | D:2      | Reached skill level 1 in Armour
  1055 | D:2      | Reached XP level 3. HP: 20/20 MP: 0/11
  1160 | D:2      | Learned a level 3 spell: Flight
  2234 | D:3      | Reached skill level 1 in Fighting
  2234 | D:3      | Reached XP level 4. HP: 25/25 MP: 8/14
  2392 | D:3      | Reached skill level 4 in Spellcasting
  2443 | D:3      | Learned a level 3 spell: Static Discharge
  2446 | D:3      | Found a shimmering altar of Xom.
  2528 | D:3      | Paralysed by a gnoll for 7 turns
  2534 | D:3      | HP: 1/25 [gnoll/dagger of chaos (1)]
  2535 | D:3      | Slain by a gnoll

Action                   |  1- 3 |  4- 6 || total
-------------------------+-------+-------++-------
Melee: Short sword       |    11 |     2 ||    13
 Cast: Shock             |    88 |    14 ||   102
       Repel Missiles    |     2 |       ||     2
  Use: Potion            |     3 |       ||     3
       Scroll            |     6 |       ||     6
  Eat: Bread ration      |     1 |       ||     1

Vault maps used:
D:1:      evilmike_arrival_plus
D:2:      cheibriados_altar_1, first_bread
D:3:      tgw_xom, lemuel_zombie_altar_kikubaaqudgha
